Map: Ephemeron LE

Players

Reynor - Winner!

  • Race: Zerg Zerg
  • Spawn Location: 11:00

uThermal

  • Race: Terran Terran
  • Spawn Location: 5:00

VOD

Have the link to the VOD?

Description

Time

  • Played on: Sept. 7, 2019, 3:43 p.m.
  • Length: 11:56
Show
View Real Time Build Order
Export as new Build Order

Reynor Zerg - Winner!

Build Orders: Hatch First 

Get SALT Encoding   

  12  0:00  Drone  
  13  0:12  Overlord  
  13  0:17  Drone  
  14  0:30  Drone x2  
  16  0:48  Hatchery  
  15  0:51  Drone  
  15  0:55  Drone  
  17  0:59  Drone  
  18  1:10  Extractor  
  17  1:14  Spawning Pool  
  17  1:17  Drone  
  17  1:20  Drone  
  18  1:27  Drone  
  19  1:38  Overlord  
  19  1:52  Drone  
  20  2:01  Queen x2  
  20  2:02  Zergling x4  
  26  2:11  Drone x2  
  28  2:24  Hatchery  
  28  2:28  Drone  
  28  2:29  Drone  
  29  2:32  Drone  
  29  2:34  Drone  
  31  2:40  Metabolic Boost  
  31  2:43  Drone  
  32  2:45  Drone  
  33  2:53  Overlord  
  33  2:55  Queen  
  35  2:59  Drone  
  35  3:11  Queen  
  35  3:12  Zergling x6  
  40  3:14  Zergling x2  
  40  3:17  Overlord  
  41  3:20  Drone  
  41  3:22  Drone  
  43  3:31  Overlord  
  43  3:37  Zergling x4  
  44  3:45  Drone x4  
  44  3:47  Drone x2  
  48  3:51  Overlord  
  48  3:52  Drone  
  49  3:57  Drone  
  49  4:02  Queen, Drone  
  51  4:03  Drone  
  51  4:04  Queen  
  51  4:08  Overlord  
  56  4:13  Drone x2  
  56  4:16  Baneling Nest, Drone  
  56  4:17  Drone  
  59  4:18  Drone  
  59  4:20  Zergling x4  
  59  4:22  Zergling x2  
  61  4:25  Drone  
  61  4:26  Drone  
  61  4:28  Zergling x2  
  61  4:30  Drone x2  
  66  4:31  Drone  
  66  4:35  Lair  
  67  4:40  Drone x2  
  67  4:42  Drone x2  
  67  4:45  Extractor  
  70  4:46  Extractor  
  70  4:47  Drone  
  70  4:52  Zergling x4  
  72  4:58  Overlord  
  73  5:00  Drone  
  73  5:01  Drone  
  73  5:03  Overlord  
  74  5:10  Overlord  
  74  5:13  Overlord  
  74  5:16  Drone x2  
  74  5:17  Drone x4  
  74  5:18  Drone  
  74  5:19  Zergling x2, Extractor  
  74  5:20  Baneling x4  
  74  5:21  Zergling x2  
  82  5:24  Zergling x2  
  82  5:25  Baneling x2  
  82  5:26  Zergling x2  
  84  5:29  Queen  
  84  5:32  Zergling x2  
  84  5:34  Zergling x6, Hatchery  
  84  5:35  Centrifical Hooks  
  89  5:38  Zergling x4  
  91  5:45  Baneling x6  
  91  5:46  Zergling x6  
  94  5:50  Zergling x10  
  98  5:59  Drone x2  
  98  6:02  Evolution Chamber  
  98  6:03  Evolution Chamber  
  98  6:05  Overlord  
  98  6:09  Drone  
  98  6:10  Drone  
  100  6:14  Zergling x2  
  100  6:18  Baneling x2  
  96  6:24  Zergling x6  
  99  6:29  Zergling x14  
  99  6:31  Drone x2  
  100  6:33  Drone x2  
  100  6:34  Zerg Ground Armor Level 1  
  100  6:35  Zerg Melee Weapons Level 1  
  100  6:36  Drone  
  103  6:42  Pneumatized Carapace  
  103  6:44  Zergling x4  
  106  6:47  Drone x2  
  106  6:51  Spore Crawler, Baneling x4  
  106  6:52  Zergling x2  
  107  6:54  Infestation Pit  
  107  6:55  Zergling x2  
  107  6:59  Zergling x16  
  115  7:05  Zergling x2  
  116  7:09  Drone x3  
  116  7:11  Drone  
  116  7:13  Overlord x2  
  120  7:16  Hatchery  
  120  7:20  Drone  
  120  7:21  Overlord  
  120  7:22  Spore Crawler  
  119  7:24  Drone  
  119  7:26  Overlord  
  120  7:31  Hive  
  120  7:32  Drone x10  
  120  7:37  Baneling x3  
  130  7:40  Zergling x12  
  133  7:47  Zergling x4  
  132  7:51  Zergling x2  
  132  7:52  Zergling x2  
  132  7:57  Drone x5  
  132  7:58  Drone x3  
  140  7:59  Extractor  
  140  8:00  Extractor  
  140  8:02  Spire  
  140  8:03  Zergling x8  
  141  8:06  Zergling x8  
  141  8:10  Baneling x6  
  145  8:12  Zergling x2  
  145  8:13  Zergling x4  
  145  8:15  Zergling x2  
  146  8:20  Zergling x4  
  146  8:22  Zergling x4  
  146  8:25  Zergling x8  
  151  8:30  Zergling x6  
  151  8:31  Zerg Melee Weapons Level 2, Zerg Ground Armor Level 2  
  151  8:32  Overlord x3  
  154  8:37  Drone  
  154  8:38  Drone x2  
  157  8:43  Zergling x2  
  158  8:48  Overlord  
  158  8:52  Zergling x16  
  162  9:04  Spine Crawler  
  162  9:05  Zergling x12  
  162  9:06  Zergling x12  
  172  9:11  Baneling  
  172  9:12  Baneling x4  
  172  9:15  Zergling x16  
  180  9:18  Greater Spire  
  180  9:19  Extractor  
  180  9:20  Extractor, Drone x3  
  180  9:22  Overlord  
  180  9:23  Overlord  
  181  9:30  Baneling x11  
  181  9:37  Zergling x16  
  189  9:39  Overlord  
  189  9:52  Baneling x16  
  189  9:53  Zergling x22  
  189  9:55  Overseer x3  
  195  10:06  Zergling x24  
  189  10:07  Zergling x4  
  189  10:09  Zergling x2  
  189  10:11  Queen  
  189  10:12  Zergling x6  
  189  10:13  Baneling x4  
  175  10:19  Zergling x6  
  175  10:20  Zergling x8  
  156  10:23  Zergling x2  
  156  10:25  Corruptor x2  
  156  10:26  Corruptor x4  
  163  10:28  Corruptor x2  
  163  10:31  Baneling x4  
  163  10:35  Queen  
  169  10:38  Zergling x2  
  169  10:39  Zergling x6  
  172  10:43  Zergling x8  
  172  10:47  Baneling  
  172  10:48  Baneling  
  172  10:49  Baneling x5  
  176  10:53  Zergling x14  
  183  10:58  Brood Lord x4  
  183  11:01  Zergling x2  
  183  11:02  Zergling x12  
  198  11:04  Baneling x7  
  195  11:12  Zergling x2  
  195  11:13  Zergling x8  
  195  11:17  Brood Lord  
  197  11:27  Extractor  
  197  11:28  Extractor  
  197  11:31  Baneling x6  
  195  11:37  Baneling  
  195  11:38  Baneling  
  197  11:47  Hatchery  
Show
View Real Time Build Order
Export as new Build Order

uThermal Terran 

Build Orders: Hellion Opening 

Get SALT Encoding   

  12  0:03  SCV  
  13  0:15  SCV  
  13  0:19  Supply Depot  
  14  0:27  SCV  
  15  0:29  Refinery  
  15  0:41  SCV  
  16  0:45  Barracks  
  16  0:53  SCV  
  17  1:05  SCV  
  18  1:17  SCV  
  19  1:33  Marine, Factory, Orbital Command  
  20  1:51  Barracks Reactor  
  20  1:59  Command Center  
  20  2:06  Supply Depot  
  20  2:08  SCV  
  21  2:20  SCV  
  22  2:26  Supply Depot  
  22  2:30  Hellion x2  
  22  2:32  SCV  
  27  2:44  Barracks Tech Lab  
  27  2:45  SCV  
  27  2:46  Refinery  
  28  2:52  Hellion x2  
  28  2:57  SCV  
  33  3:08  Marine  
  33  3:09  SCV  
  33  3:11  Orbital Command  
  35  3:16  Hellion  
  35  3:17  Hellion  
  39  3:21  SCV  
  39  3:23  Stimpack  
  39  3:26  Marine  
  41  3:33  SCV  
  42  3:38  SCV  
  41  3:44  Marine  
  41  3:45  SCV  
  43  3:48  Barracks  
  43  3:51  Factory Reactor  
  43  3:52  SCV  
  43  3:54  Barracks  
  44  3:59  SCV  
  44  4:02  Marine  
  46  4:06  SCV  
  46  4:08  Supply Depot  
  47  4:12  SCV  
  48  4:19  Marine  
  48  4:20  SCV  
  48  4:24  SCV  
  51  4:33  Supply Depot, SCV, Starport  
  51  4:36  SCV  
  51  4:37  Marine  
  51  4:38  Marine x2, Factory Reactor  
  54  4:45  SCV  
  57  4:50  Command Center  
  57  4:51  Marine  
  57  4:52  Marine  
  58  4:54  SCV  
  58  4:55  Marine  
  58  4:57  Marine, SCV  
  63  5:02  Supply Depot  
  63  5:06  SCV, Combat Shield  
  64  5:09  SCV  
  65  5:14  Marine  
  65  5:15  Marine  
  65  5:18  SCV, Supply Depot  
  65  5:19  Medivac  
  70  5:22  Factory Tech Lab  
  70  5:24  Marine x2, SCV, Medivac  
  75  5:29  Marine  
  75  5:30  SCV  
  75  5:35  Engineering Bay  
  77  5:39  Marine, SCV, Refinery  
  77  5:40  Marine, Refinery, Engineering Bay  
  80  5:45  Siege Tank  
  80  5:46  Marine, SCV  
  85  5:50  Supply Depot  
  85  5:54  SCV  
  85  5:55  Supply Depot  
  86  6:01  Marine x3  
  86  6:02  Orbital Command  
  89  6:08  Terran Infantry Armor Level 1, Terran Infantry Weapons Level 1  
  89  6:09  SCV  
  89  6:10  Marine  
  91  6:11  Marine  
  91  6:17  Medivac  
  92  6:19  Marine x3  
  92  6:23  Siege Tank  
  98  6:32  Marine x2  
  90  6:34  SCV  
  90  6:36  SCV  
  90  6:37  Barracks  
  90  6:38  Barracks  
  57  6:40  Orbital Command  
  92  6:41  Marine  
  92  6:43  Marine  
  92  6:46  SCV  
  95  6:48  SCV  
  95  6:50  Supply Depot, Armory  
  95  6:51  Marine  
  97  6:56  Marine  
  97  6:59  SCV  
  99  7:02  Marine x2, SCV, Factory Reactor  
  99  7:07  Marine  
  99  7:08  SCV  
  104  7:11  SCV  
  104  7:13  Supply Depot  
  104  7:14  SCV  
  106  7:16  Marine x2  
  106  7:17  Medivac  
  106  7:20  Marine x2  
  112  7:24  Marine  
  112  7:26  Barracks Reactor x2  
  112  7:27  SCV  
  112  7:28  SCV  
  115  7:31  SCV, Supply Depot  
  115  7:33  Marine x2  
  118  7:37  Marine, Supply Depot  
  118  7:38  Marine  
  118  7:39  Widow Mine  
  118  7:40  Widow Mine  
  124  7:46  SCV  
  124  7:47  Marine  
  126  7:51  Marine  
  126  7:55  Command Center  
  126  7:56  Medivac x2  
  126  7:57  Marine  
  126  7:58  Marine  
  131  8:01  Supply Depot, Widow Mine  
  131  8:03  Widow Mine  
  135  8:05  Terran Infantry Weapons Level 2  
  135  8:06  Terran Infantry Armor Level 2  
  135  8:10  Marine, Terran Vehicle And Ship Armor Level 1  
  136  8:16  Marine x2  
  137  8:22  Marine x2  
  137  8:26  Supply Depot, Medivac  
  139  8:28  Widow Mine  
  139  8:29  Marine x2, Widow Mine  
  139  8:30  Supply Depot  
  139  8:32  Marine, Factory  
  139  8:33  Marine x2  
  148  8:34  Supply Depot  
  148  8:35  Marine  
  148  8:37  Marine  
  148  8:40  Marine  
  151  8:47  Barracks  
  151  8:48  Barracks x2  
  151  8:49  Marine  
  151  8:50  Widow Mine  
  151  8:51  Marine  
  152  8:56  Marine x3  
  152  8:58  Widow Mine  
  152  8:59  Marine x2  
  152  9:01  Medivac  
  161  9:03  Medivac  
  161  9:04  Marine  
  164  9:12  SCV x3  
  164  9:13  Marine  
  164  9:14  Marine  
  164  9:16  Drilling Claws  
  169  9:18  Sensor Tower  
  169  9:20  Widow Mine  
  169  9:22  Widow Mine  
  169  9:23  Marine, Widow Mine  
  169  9:24  SCV  
  177  9:28  Marine x2  
  179  9:32  Marine x2  
  179  9:34  Marine x2  
  179  9:37  Barracks Tech Lab x3  
  183  9:40  Marine, Concussive Shells  
  183  9:42  Widow Mine  
  183  9:45  SCV  
  187  9:47  Marine  
  187  9:48  Marine, Widow Mine x2  
  193  9:55  Marine x3  
  193  10:12  Marine x2  
  151  10:23  Marine x4  
  151  10:25  Planetary Fortress  
  151  10:27  Marine  
  151  10:28  Marine x2  
  148  10:54  Marine x6, Marauder  
  156  11:13  Marine x4, Marauder  
  156  11:19  Marine  
  156  11:32  Supply Depot  
  156  11:39  Supply Depot  
Tags
 
Add a new tag
Caveats
  • Supply blocks, unpowered buildings, or Contaminate may cause inaccurate times.
  • Supply counts are checked every 10 seconds.